 Dungeon Crawl Stone Soup version 0.27.0-66-gdc8fb28755 (webtiles) character file.

Game seed: 1420656152018187227

112 Ishikawa the Skirmisher (level 4, -3/41 HPs)
             Began as a Minotaur Berserker on Aug 20, 2021.
             Was a Believer of Trog.
             Slain by an orc priest (5 damage)
             ... on level 3 of the Dungeon.
             The game lasted 00:04:21 (2224 turns).

Ishikawa the Skirmisher (Minotaur Berserker)        Turns: 2224, Time: 00:04:22

Health: -3/41      AC:  2    Str: 21    XL:     4   Next: 64%
Magic:  3/3        EV: 12    Int:  4    God:    Trog [**....]
Gold:   77         SH:  0    Dex: 11    Spells: 3/3 levels left

rFire    . . .     SeeInvis .   f - +2 trident (venom)
rCold    . . .     Faith    .   (no shield)
rNeg     . . .     Spirit   .   b - +0 animal skin
rPois    .         Reflect  .   (helmet restricted)
rElec    .         Harm     .   (no cloak)
rCorr    .         Rampage  .   (no gloves)
Will     .....                  (no boots)
Stlth    +.........             (no amulet)
HPRegen  0.13/turn              (no ring)
MPRegen  0.08/turn              (no ring)

@: no status effects
A: horns 2, retaliatory headbutt
a: Renounce Religion, Berserk, Trog's Hand


You were on level 3 of the Dungeon.
You worshipped Trog.
Trog was pleased with you.
You visited 1 branch of the dungeon, and saw 3 of its levels.

You collected 77 gold pieces.

Inventory:

Hand Weapons
 a - a +0 hand axe
 f - a +2 trident of venom (weapon)
Missiles
 i - a throwing net (quivered)
Armour
 b - a +0 animal skin (worn)
Scrolls
 c - a scroll of identify
 d - a scroll of amnesia {unknown}
Potions
 e - a potion of brilliance
 g - a potion of attraction {unknown}
 h - a potion of mutation {unknown}


   Skills:
 * Level 4.9 Fighting
 - Level 4.4(4.5) Axes
 * Level 1.2(3.0) Polearms
 * Level 3.0 Armour
 * Level 3.2 Dodging


You had 3 spell levels left.
You didn't know any spells.
Your spell library was empty.

Dungeon Overview and Level Annotations

Branches:
Dungeon (3/15)

Altars:

Shops:
D:1 (


Innate Abilities, Weirdness & Mutations

You have a pair of horns on your head.
You reflexively headbutt those who attack you in melee.


Message History

The orc wizard flickers and vanishes!
Deactivating autopickup; reactivate with Ctrl-A.
You closely miss something.
You hear some strange, mumbled words.
A puff of flame appears from out of thin air!
The puff of flame hits you.
You closely miss the orc. You puncture the orc!
You kill the orc!
Trog accepts your kill.
You hear some strange, mumbled words.
A puff of flame appears from out of thin air!
The puff of flame hits you.
* * * LOW HITPOINT WARNING * * *
Something hits you.
* * * LOW HITPOINT WARNING * * *
Things that are here:
a +0 hand axe; an orc corpse You miss something.
Trog accepts your kill.
Trog appreciates your killing of a magic user.
Reactivating autopickup.
You feel a bit more experienced. The orc misses you.
Your base Polearms skill increases to level 1!
Your Armour skill increases to level 3!
You barely miss the orc. You headbutt the orc!
You kill the orc!
Trog accepts your kill.
The orc priest calls down the wrath of Beogh upon you.
You barely resist.
The orc priest hits you with a +0 dagger.
* * * LOW HITPOINT WARNING * * *
Items here: )) [ ††.
You hit the orc priest.
The orc priest is lightly wounded.
The orc priest invokes the aid of Beogh against you.
Pain shoots through your body!
* * * LOW HITPOINT WARNING * * *
The orc priest hits you with a +0 dagger.
You die...

#.# ##.# ...# ...# ##
...########## .#
............######.##
##..................
#..........#####o#.##.#
#..........'..)@.......
#......)...#####.#.##.#
#.####..#### .# #.#
#..# .# #.# #..# .# #.#
#..# .# #. #..# .# #..#
.# #..#


You could see an orc priest.

Vanquished Creatures
  An orc wizard (D:3)
  5 adders (D:2)
  A dart slug (D:2)
  2 orcs (D:3)
  6 bats
  3 endoplasms (D:1)
  4 goblins
  3 hobgoblins (D:1)
  2 quokkas
  7 ball pythons
  A kobold (D:1)
  5 rats
40 creatures vanquished.

Notes
Turn   | Place    | Note
-------+----------+-------------------------------------------
     0 | D:1      | Ishikawa the Minotaur Berserker began the quest for the
                  | Orb.
     0 | D:1      | Reached XP level 1. HP: 19/19 MP: 0/0
   275 | D:1      | Reached XP level 2. HP: 21/27 MP: 1/1
   551 | D:1      | Found Bulit's Antique Weapon Shoppe.
   850 | D:2      | Reached XP level 3. HP: 15/33 MP: 2/2
  1350 | D:2      | Reached XP level 4. HP: 33/41 MP: 3/3
  1444 | D:2      | Reached ** piety under Trog
  1973 | D:2      | Found a faded altar of an unknown god.
  2222 | D:3      | Reached skill level 1 in Polearms
  2224 | D:3      | HP: 2/41 [orc priest/nerve-wracking pain (5)]
  2224 | D:3      | Slain by an orc priest

Illustrated notes

Levels and vault maps discovered:
D:1:      evilmike_arrival_rings, layout_basic, serial_shops, shop,
          minmay_heptomino_h4
D:2:      layout_loops_corners, shapermc_ecumenical_altar_ellora
D:3:      layout_basic, hangedman_glass_teeth

Skill      XL: |  1  2  3  4 |
---------------+-------------+-----
Fighting       | 4 |  4.9
Axes           | 4 |  4.4
Dodging        | 3 |  3.2
Polearms       | 1 |  1.2
Armour         | 3 |  3.0

Action                   |  1- 3 |  4- 6 || total
-------------------------+-------+-------++-------
Melee: Hand axe          |    47 |       ||    47
       Headbutt          |     4 |     3 ||     7
       Trident           |    11 |    21 ||    32
  Use: Scroll            |     1 |       ||     1
 Stab: Sleeping          |     1 |       ||     1
Armor: Animal skin       |    18 |     3 ||    21
Dodge: Dodged            |    39 |     8 ||    47
